 Dungeon Sprint DCSS version 0.17-a0-1718-g72dbe4d (webtiles) character file.

943 Kidiri the Covert (level 7, -39/32 HPs)
             Began as a Spriggan Enchanter on Aug 25, 2015.
             Annihilated by a kraken (48 damage)
             ... in the Dungeon (Sprint II: "The Violet Keep of Menkaure").
             The game lasted 00:05:39 (709 turns).

Kidiri the Covert (Spriggan Enchanter)               Turns: 709, Time: 00:05:39

Health: -39/32     AC:  3    Str:  4    XL:     7   Next: 88%
Magic:  10/21      EV: 31    Int: 17    God:
Gold:   16         SH:  0    Dex: 23    Spells: 5 memorised, 13 levels left

rFire  . . .     SeeInvis +     a - +1 dagger
rCold  . . .     Clarity  .     b - +1 robe
rNeg   + . .     SustAt   .     (shield restricted)
rPois  .         Gourm    .     (helmet restricted)
rElec  .         Spirit   .     (no cloak)
rCorr  .         Warding  +     (gloves unavailable)
rMut   .         NoTele   +     (boots unavailable)
MR     +....                    k - amulet of Woismoud {Ward rN+ Dex+5}
Stlth  ++++++....               (no ring)
                                o - ring of flight

@: very quick, somewhat resistant to hostile enchantments, very stealthy
A: unfitting armour, see invisible, herbivore 3, speed 3, slow metabolism 2
a: Evoke Flight


You were in the Dungeon.
You were not hungry.

You visited 1 branch You collected 972 gold pieces.
You spent 956 gold pieces at shops.

Inventory:

Hand weapons
 a - a +1 dagger (weapon)
Armour
 b - a +1 robe (worn)
Jewellery
 k - the amulet of Woismoud (around neck) {Ward rN+ Dex+5}
   (You bought it in a shop in the Dungeon)

   [amulet of warding]

   It may prevent the melee attacks of summoned creatures.
   It affects your dexterity (+5).
   It protects you from negative energy.
 o - a ring of flight (left hand)
Scrolls
 j - a scroll of blinking
Potions
 e - 5 potions of curing
 f - 2 potions of heal wounds
 g - a potion of haste
 h - 2 potions of magic
 i - a potion of berserk rage
 l - a potion of brilliance
 m - a potion of invisibility
 n - a potion of agility
 p - a potion of might
Books
 c - a book of Maledictions

   Spells                             Type                      Level
   a - Corona                         Hexes                        1
   b - Ensorcelled Hibernation        Hexes/Ice                    2
   c - Confuse                        Hexes                        3
   d - Tukima's Dance                 Hexes                        3
   e - Dazzling Spray                 Conjuration/Hexes            3
Comestibles
 d - a bread ration


   Skills:
 + Level 6.1 Short Blades
 * Level 11.5 Dodging
 * Level 12.5 Stealth
 * Level 9.9 Spellcasting
 + Level 3.4 Conjurations
 + Level 7.7 Hexes
 + Level 3.7 Ice Magic


You had 13 spell levels left.
You knew the following spells:

 Your Spells              Type           Power        Failure   Level  Hunger
a - Corona                Hex            ####...      1%          1    None
b - Ensorcelled Hibernat  Hex/Ice        ####..       1%          2    None
c - Confuse               Hex            ####....     1%          3    None
d - Tukima's Dance        Hex            ####....     1%          3    None
e - Dazzling Spray        Conj/Hex       ####....     2%          3    None


Dungeon Overview and Level Annotations

Branches:
Dungeon (1/1)

Altars:
Cheibriados
Dithmenos
Elyvilon
Fedhas
Gozag
Nemelex Xobeh
Okawaru
Qazlal
Ru
Vehumet
Xom
Yredelemnul
Jiyva

Shops:
D :==[:}}![!(([=%?

Annotations:
D exclusions: obsidian statue and oklob plant


Innate Abilities, Weirdness & Mutations

You are tiny and cannot use many weapons and most armour.
You have supernaturally acute eyesight.
You are a herbivore.
You cover ground extremely quickly.
You need consume almost no food.


Message History

Found three altars.
Casting: Ensorcelled Hibernation
Confirm with . or Enter, or press ? or * to list all spells.
Aiming: Ensorcelled Hibernation
Press: ? - help, Shift-Dir - straight line, f/p - kraken
Aim: a kraken (water, lightly wounded, chance to defeat MR: 23%)
The kraken resists with almost no effort.
You are engulfed in a cloud of scalding steam.
The kraken completely misses you.
Casting: Ensorcelled Hibernation
Confirm with . or Enter, or press ? or * to list all spells.
Aiming: Ensorcelled Hibernation
Press: ? - help, Shift-Dir - straight line, f/p - kraken
Aim: a kraken (water, lightly wounded, chance to defeat MR: 23%)
The kraken resists with almost no effort.
You are engulfed in a cloud of scalding steam.
* * * LOW HITPOINT WARNING * * *
The kraken completely misses you. The kraken bites you!!!
Ouch! That really hurt!
You die...

≈#.###.# ...#
###.#.####..##
.###'###.##..# #
.###.##...#..# .# #
##'.<.'.##'..### .##.#
#.##.####.#....###...##
.###'###.##..§...≈≈≈≈≈≈≈
###.#.####≈≈.....≈#+####
≈#%.#..#≈≈≈≈≈≈§§@≈#.....
≈##...##≈≈§≈≈§≈§X≈#....⌠
≈≈##+##≈≈≈§§§≈§≈≈≈#..._.
#≈≈≈≈≈≈≈≈≈≈≈≈≈§≈≈≈#.._._
#+++#+++#≈≈≈≈≈§≈≈≈#._._.
§≈≈≈ ##≈≈≈###≈≈#_._._
≈§§≈≈§##≈≈ #§≈#._._.
§§8§≈§§§+§≈ #≈§#_._._
≈§§§§§≈##§ §§#####


You could see a kraken.

Vanquished Creatures
  2 hippogriffs (D)
  4 necrophages (D)
  4 brain worms (D)
  A scorpion (D)
  3 worms (D)
14 creatures vanquished.

Vanquished Creatures (others)
  Menkaure (D)
  4 tentacles (D)
  73 tentacle segments (D)
78 creatures vanquished.

Grand Total: 92 creatures vanquished

Notes
Turn   | Place    | Note
--------------------------------------------------------------
     0 | D        | Kidiri the Spriggan Enchanter began the quest for the Orb.
     0 | D        | Reached XP level 1. HP: 9/9 MP: 5/5
     1 | D        | Noticed a hippogriff
     1 | D        | Noticed a hippogriff
     4 | D        | Noticed a brain worm
     8 | D        | Noticed a necrophage
     8 | D        | Noticed a necrophage
     8 | D        | Noticed a necrophage
     8 | D        | Noticed a necrophage
    19 | D        | Killed a brain worm
    19 | D        | Reached skill level 6 in Dodging
    19 | D        | Reached skill level 7 in Stealth
    19 | D        | Reached skill level 5 in Spellcasting
    19 | D        | Reached XP level 2. HP: 4/13 MP: 6/9
    19 | D        | Reached XP level 3. HP: 4/16 MP: 6/10
    19 | D        | Reached XP level 4. HP: 5/21 MP: 7/12
    20 | D        | Noticed a brain worm
    26 | D        | Learned a level 2 spell: Ensorcelled Hibernation
    30 | D        | Learned a level 3 spell: Confuse
    34 | D        | Learned a level 3 spell: Tukima's Dance
    38 | D        | Learned a level 3 spell: Dazzling Spray
    66 | D        | Killed Menkaure
   254 | D        | Killed a brain worm
   254 | D        | Reached skill level 8 in Stealth
   254 | D        | Reached skill level 1 in Conjurations
   254 | D        | Reached skill level 5 in Hexes
   254 | D        | Reached skill level 1 in Ice Magic
   255 | D        | Noticed a brain worm
   255 | D        | Noticed a brain worm
   258 | D        | Killed a brain worm
   258 | D        | Reached skill level 9 in Stealth
   258 | D        | Reached XP level 5. HP: 24/24 MP: 10/15
   260 | D        | Killed a brain worm
   260 | D        | Reached XP level 6. HP: 28/28 MP: 10/17
   311 | D        | Reached skill level 10 in Stealth
   317 | D        | Noticed a kraken
   344 | D        | Killed a hippogriff
   344 | D        | Reached skill level 5 in Short Blades
   344 | D        | Reached skill level 10 in Dodging
   354 | D        | Killed a hippogriff
   354 | D        | Reached skill level 11 in Stealth
   354 | D        | Reached XP level 7. HP: 32/32 MP: 13/20
   403 | D        | Killed a necrophage
   404 | D        | Killed a necrophage
   404 | D        | Reached skill level 12 in Stealth
   408 | D        | Killed a necrophage
   421 | D        | Killed a necrophage
   560 | D        | Noticed an obsidian statue
   576 | D        | Noticed a lava snake
   577 | D        | Noticed a lava snake
   578 | D        | Noticed a lava snake
   578 | D        | Noticed a kraken
   601 | D        | Found Leusch Zuxky's Food Emporium.
   601 | D        | Found Himulecw's Antique Armour Shoppe.
   602 | D        | Found Humekk's Distillery.
   602 | D        | Found Meaz's Antique Armour Emporium.
   602 | D        | Found Mupyet's Distillery.
   603 | D        | Noticed a scorpion
   605 | D        | Killed a scorpion
   609 | D        | Found Jupij's Gadget Emporium.
   609 | D        | Found Kesiadud's Book Shoppe.
   611 | D        | Found Satoschoa's Antique Weapon Shoppe.
   611 | D        | Found Cuter's Antique Armour Emporium.
   612 | D        | Found Tuxtus's Jewellery Shoppe.
   612 | D        | Found Qiceug's Jewellery Emporium.
   613 | D        | Found Zan Gim's Jewellery Shoppe.
   613 | D        | Found Suczucwo's Gadget Emporium.
   613 | D        | Noticed a spiny frog
   614 | D        | Found Neange's Magic Scroll Shoppe.
   614 | D        | Found Nyeghan's Antique Weapon Emporium.
   616 | D        | Noticed an oklob plant
   616 | D        | Noticed a death yak
   617 | D        | Found Siar's Book Shoppe.
   622 | D        | Noticed a spiny frog
   626 | D        | Noticed a griffon
   648 | D        | Bought the amulet of Woismoud {Ward rN+ Dex+5} for 357 gold pieces
   655 | D        | Bought a potion of brilliance for 44 gold pieces
   655 | D        | Bought a potion of invisibility for 88 gold pieces
   655 | D        | Bought a potion of heal wounds for 55 gold pieces
   655 | D        | Bought a potion of curing for 33 gold pieces
   655 | D        | Bought a potion of agility for 44 gold pieces
   655 | D        | Bought a potion of curing for 33 gold pieces
   655 | D        | Bought a potion of curing for 33 gold pieces
   659 | D        | Bought an uncursed ring of flight for 192 gold pieces
   663 | D        | Bought a potion of might for 44 gold pieces
   663 | D        | Bought a potion of curing for 33 gold pieces
   699 | D        | Found an opulent altar of Gozag.
   700 | D        | Found a stormy altar of Qazlal.
   700 | D        | Found a white marble altar of Elyvilon.
   701 | D        | Found a blossoming altar of Fedhas.
   701 | D        | Found a basalt altar of Yredelemnul.
   701 | D        | Found a shadowy altar of Dithmenos.
   701 | D        | Found a viscous altar of Jiyva.
   702 | D        | Found a shimmering altar of Xom.
   702 | D        | Found a snail-covered altar of Cheibriados.
   702 | D        | Found a radiant altar of Vehumet.
   707 | D        | Found an iron altar of Okawaru.
   707 | D        | Found a sparkling altar of Nemelex Xobeh.
   707 | D        | Found a sacrificial altar of Ru.
   709 | D        | Annihilated by a kraken

Vault maps used:
D:        the_violet_keep_of_menkaure

Action                   |  1- 3 |  4- 6 |  7- 9 || total
-------------------------+-------+-------+-------++-------
Melee: Dagger            |     2 |     9 |    14 ||    25
 Cast: Ensorcelled Hiber |       |     5 |     3 ||     8
       Dazzling Spray    |       |       |     5 ||     5
       Confuse           |       |       |     2 ||     2
 Stab: Sleeping          |     1 |     8 |     4 ||    13
       Invisible         |       |       |     1 ||     1
